cohdb
Replays
Latest Replays
All Replays
Popular Replays
Top Player Replays
Match Explorer
How It Works
Community
CoH3 Stats
Reddit
Sign in to upload your games and track your stats! →
Sign in with Steam
Match 42027060
Unlisted
Match 42027060
Overview
Messages
Build Orders
End
Construct Barracks
Selects Heavy Weapons
Riflemen Squad
1⁄4-ton 4x4 Truck
M1 Mortar Team
Riflemen Squad
Riflemen Squad
Construct Medical Station
Selects Assault Carriers
Air Support Center
Grenade Package
Construct Motor Pool
M1 Anti-tank Gun Team
M1918 Browning Automatic Rifles
P-47 Strafing Run
Selects Exchangeable Parts
Selects M2HB .50cal Heavy Machine Gun
Engineer Squad
M8 Greyhound Armored Car
P-47 Strafing Run
Grasshopper Recon Run
M1 Anti-tank Gun Team
Construct Tank Depot
Construct Weapon Support Center
M3 Assault Carrier
Grasshopper Recon Run
P-47 Strafing Run
P-47 Dive Bomb
M4(105) Sherman Bulldozer
Riflemen Squad
Riflemen Squad
Grasshopper Recon Run
Engineer Squad
Selects M26 Pershing Heavy Tank
M26 Pershing Heavy Tank
P-47 Strafing Run
Engineer Squad
P-47 Strafing Run
P-47 Dive Bomb
Engineer Squad
Riflemen Squad
P-47 Strafing Run
Engineer Squad
Selects Rapid Reposition
Selects Black Dragon Artillery Barrage
EGIPOP
Sokolnichiy
Sarmynation
TLA-Wesker
0
0
Comments
sign in to comment!
No comments posted yet!